 Dungeon Crawl Stone Soup version 0.24.1-1-gd1d2a07e1b (webtiles) character file.

Game seed: 4779581915247323850, levelgen mode: deterministic

37 MajorAdolf the Sneak (level 3, -3/32 HPs)
             Began as a Naga Wanderer on Apr 9, 2020.
             Slain by a sky beast (6 damage)
             ... on level 2 of the Dungeon.
             The game lasted 00:03:50 (1294 turns).

MajorAdolf the Sneak (Naga Wanderer)                Turns: 1294, Time: 00:03:50

Health: -3/32      AC:  6    Str: 14    XL:     3   Next: 41%
Magic:  3/3        EV: 10    Int: 12    God:
Gold:   86         SH:  0    Dex: 11    Spells: 2/2 levels left

rFire    . . .     SeeInvis +   a - +2 spear
rCold    . . .     Gourm    .   (no shield)
rNeg     . . .     Faith    .   c - +0 robe
rPois    +         Spirit   .   n - +1 hat
rElec    .         Reflect  .   (no cloak)
rCorr    .         Harm     .   (no gloves)
MR       .....                  (no barding)
Stlth    +++.......             (no amulet)
HPRegen  0.10/turn              j - +3 ring of protection
MPRegen  0.08/turn              p - ring of flight

@: short of breath, very slow
A: large, see invisible, deformed body, poison resistance, slowness 2, slow
metabolism 1, spit poison 1, AC +1
a: Spit Poison, Evoke Flight


You were on level 2 of the Dungeon.
You were not hungry.

You visited 1 branch of the dungeon, and saw 2 of its levels.

You collected 86 gold pieces.

Inventory:

Hand Weapons
 a - a +2 spear (weapon)
 d - a +0 dagger
Missiles
 g - 69 stones (quivered)
 m - a throwing net
Armour
 c - a +0 robe (worn)
 e - a +0 leather armour
 n - a +1 hat (worn)
Jewellery
 j - a +3 ring of protection (left hand)
 k - an uncursed ring of ice
 p - a ring of flight (right hand)
Potions
 b - 2 potions of curing
 i - a potion of flight {unknown}
 o - a potion of heal wounds {unknown}
Comestibles
 f - 4 rations


   Skills:
 - Level 2.0 Fighting
   Level 2.0 Long Blades
 - Level 2.0 Polearms
 + Level 1.2 Armour
 + Level 1.6 Dodging
 + Level 5.3 Stealth


You had 2 spell levels left.
You didn't know any spells.
Your spell library was empty.

Dungeon Overview and Level Annotations

Branches:
Dungeon (2/15)

Altars:

Annotations:
D:2 exclusion: sky beast


Innate Abilities, Weirdness & Mutations

You cannot wear boots.
Your serpentine skin is tough. (AC +1)
You have supernaturally acute eyesight. (SInv)
Armour fits poorly on your strangely shaped body.
Your system is resistant to poisons. (rPois)
You cover ground very slowly.
You have a slow metabolism.
You can spit poison.


Message History

You barely miss the sky beast.
The sky beast is severely wounded.
The sky beast barely misses you.
You bump into the rock wall.
You feel less invigorated.
You feel less confused. The sky beast hits you. The sky beast shocks you.
Press: ? - help, Shift-Dir - straight line, f/p - sky beast
Aim: a sky beast (severely wounded)
The splash of poison hits the sky beast!
The sky beast is almost dead.
You feel slightly more hungry. The sky beast barely misses you.
You hit the sky beast.
The sky beast is almost dead.
The sky beast hits you. The sky beast shocks you.
* * * LOW HITPOINT WARNING * * *
The sky beast closely misses you. The sky beast hits you.
* * * LOW HITPOINT WARNING * * *
The sky beast shocks you.
You die...

###########.........#
########...................#
#.>...†.....................
#..######!..##.............#
#.. ###.##.............# #..
#.##..)..........# #..##
#.##....##########
#...#######.##.####
##.........@Y..#
####...###.####
#..........#########
#.......#..........###
#.......##.##....#...######
#.......##.##.##.###......#
#..............#.# #.##...#
#..............#.###.####..
########.......#.....####.#


You could see a sky beast.

Vanquished Creatures
  An adder (D:2)
  A leopard gecko (D:1)
  5 bats
  A giant cockroach (D:1)
  A goblin (D:1)
  5 hobgoblins
  2 quokkas (D:2)
  4 frilled lizards (D:1)
  4 kobolds
  3 rats (D:1)
27 creatures vanquished.

Notes
Turn   | Place    | Note
-------+----------+-------------------------------------------
     0 | D:1      | MajorAdolf the Naga Wanderer began the quest for the Orb.
     0 | D:1      | MajorAdolf set off with the following items: a +2 spear, 2
                  | potions of curing, a +0 robe, a +0 dagger, a ration
     0 | D:1      | Reached XP level 1. HP: 19/19 MP: 1/1
   548 | D:1      | Reached XP level 2. HP: 26/26 MP: 2/2
   873 | D:1      | Reached skill level 5 in Stealth
   909 | D:2      | Reached skill level 1 in Armour
   995 | D:2      | Reached XP level 3. HP: 32/32 MP: 3/3
  1035 | D:2      | Noticed a sky beast
  1294 | D:2      | Slain by a sky beast

Levels and vault maps discovered:
D:1:      sevenhm_arrival_forest_fort_large_2, layout_basic
D:2:      minmay_recursive_quarters, layout_basic, doesnt_xom_only_xom

Skill      XL: |  1  2 |
---------------+-------+-----
Stealth        | 5 |  5.3
Armour         | 1 |  1.2
Fighting       | |  2.0
Long Blades    | |  2.0
Polearms       | |  2.0
Dodging        | |  1.6

Action                   || total
-------------------------++-------
Melee: Spear             ||    71
 Abil: Spit Poison       ||    12
  Use: Scroll            ||     1
       Potion            ||     1
 Stab: Sleeping          ||     9
  Eat: Chunk             ||     1
Armor: Robe              ||    14
Dodge: Dodged            ||    27
